 Dungeon Crawl Stone Soup version 0.31.0-2-g5a2aebc5c2 (webtiles) character file.

Game seed: 12249841857358392821

13609 bnorton916 the Skirmisher (level 11, 0/52 (54) HPs)
             Began as a Deep Elf Conjurer on Jan 20, 2024.
             Was an Initiate of Gozag.
             Slain by Urug
             ... wielding a +2 broad axe of draining
              (26 damage)
             ... on level 11 of the Dungeon.
             The game lasted 00:33:08 (22833 turns).

bnorton916 the Skirmisher (Deep Elf Conjurer)      Turns: 22833, Time: 00:33:10

HP:   0/52 (54)     AC:  8    Str:  6    XL:     11   Next: 77%
MP:   26/29         EV: 13    Int: 28    God:    Gozag
Gold: 2665          SH:  0    Dex: 19    Spells: 24/35 levels left

rFire   + . .        B - +7 shortbow of Ittyim {drain, rElec Int+2 Dex+6}
rCold   . . .        (shield currently unavailable)
rNeg    . . .        a - +0 robe
rPois   .            v - +0 helmet
rElec   +            J - +0 cloak
rCorr   .            o - +2 pair of gloves
SInv    .            O - +0 pair of boots
Will    +....        l - amulet of magic regeneration
Stlth   ++           D - ring of protection from fire
HPRegen 0.28/turn    (no ring)
MPRegen 0.61/turn

%: no passive effects
@: about to teleport, lightly drained
A: no striking features
a: Renounce Religion, Potion Petition, Call Merchant, Bribe Branch


You were on level 11 of the Dungeon.
You worshipped Gozag.
Gozag was most pleased with you.
You visited 3 branches of the dungeon, and saw 13 of its levels.
You also visited: Sewer.

You collected 2720 gold pieces.
You paid 55 gold pieces to Gozag.

Inventory:

Hand Weapons
 b - a +2 dagger of speed
 i - a +2 short sword of freezing
 k - a +1 dagger of flaming
 m - a +4 halberd
 r - a +2 falchion of freezing
 B - the +7 shortbow of Ittyim (weapon) {drain, rElec Int+2 Dex+6}
   (You found it on level 6 of the Dungeon)

   Int+2:     It affects your intelligence (+2).
   Dex+6:     It affects your dexterity (+6).
   rElec:     It insulates you from electricity.
 P - the +6 shillelagh "Devastator" {shatter}
   (You found it on level 10 of the Dungeon)
Missiles
 z - a throwing net
Armour
 a - a +0 robe (worn)
 j - a scarf of resistance
 o - a +2 pair of gloves (worn)
 v - a +0 helmet (worn)
 J - a +0 cloak (worn)
 O - a +0 pair of boots (worn)
Jewellery
 l - an amulet of magic regeneration (around neck)
 u - an amulet of guardian spirit
 D - a ring of protection from fire (left hand)
 E - a ring of fire
Wands
 H - a wand of polymorph (5)
Scrolls
 d - 4 scrolls of enchant armour
 f - 2 scrolls of enchant weapon
 n - 2 scrolls of poison
 p - 4 scrolls of blinking
 s - 3 scrolls of vulnerability
 w - 2 scrolls of fog
 x - 2 scrolls of amnesia
 y - 2 scrolls of fear
 A - a scroll of silence
 F - a scroll of noise
 I - a scroll of identify
 L - 2 scrolls of revelation
Potions
 c - 6 potions of lignification
 e - 2 potions of brilliance
 g - a potion of resistance
 t - 2 potions of might {unknown}
 C - 3 potions of curing
 G - a potion of attraction
 K - a potion of enlightenment {unknown}
 N - a potion of berserk rage {unknown}
 Q - a potion of invisibility {unknown}


   Skills:
 + Level 13.4 Ranged Weapons
 - Level 2.4 Dodging
 - Level 2.4 Stealth
 - Level 12.5 Spellcasting
 - Level 11.2 Conjurations
 - Level 5.0 Translocations
 - Level 5.4 Fire Magic
 - Level 3.0 Air Magic
 - Level 5.1 Alchemy


You had 24 spell levels left.
You knew the following spells:

 Your Spells              Type           Power      Damage    Failure   Level
a - Magic Dart            Conj           100%       1d8       1%          1
b - Searing Ray           Conj           100%       2d8       1%          2
c - Iskenderun's Mystic   Conj/Tloc      58%        2d12      1%          4
d - Fulminant Prism       Conj/Alch      29%        3d13      1%          4

Your spell library contained the following spells:

 Spells                   Type           Power      Damage    Failure   Level
 Shock                    Conj/Air       100%       1d9       1%          1
 Blink                    Tloc           90%        N/A       1%          2
 Lesser Beckoning         Tloc           90%        N/A       1%          2
 Momentum Strike          Conj/Tloc      100%       3d10      1%          2
 Swiftness                Air            34%        N/A       2%          3
 Passage of Golubria      Tloc           45%        N/A       3%          4
 Airstrike                Air            17%        2d(3-19)  9%          4
 Tukima's Dance           Hex            17%        N/A       10%         3
 Animate Armour           Summ/Erth      34%        N/A       30%         4
 Yara's Violent Unravell  Hex/Alch       15%        3d8       30%         5
 Plasma Beam              Fire/Air       20%        2x1d32    63%         6
 Summon Cactus Giant      Summ           8%         N/A       99%         6


Dungeon Overview and Level Annotations

Branches:
Dungeon (11/15)            Temple (1/1) D:4            Lair (1/5) D:11
  Sewer (visited)
    Orc: D:9-12

Altars:
Ashenzari
Cheibriados
Dithmenos
Elyvilon
Fedhas
Gozag
Hepliaklqana
Kikubaaqudgha
Makhleb
Nemelex Xobeh
Okawaru
Qazlal
Ru
Sif Muna
Trog
Uskayaw
Vehumet
Wu Jian
Xom
Yredelemnul
Zin
The Shining One

Shops:
D:2 [

Portals:
Abyss: D:4

Annotations:
D:4 2 transporters, Cheops's ghost, novice FoFi
D:11 Urug


Message History

You start waiting.
Done waiting.
You climb downwards.
Welcome back to the Lair of Beasts!
Level annotation: Urug
There is a staircase back to the Dungeon, spattered with blood here.
Unknown command.
Casting: Iskenderun's Mystic Blast (dangerous; 1% risk of failure)
Confirm with . or Enter, or press ? or * to list all spells.
You erupt in a blast of force!
The mystic blast hits Urug but does no damage.
You hear an angry hiss.
A black mamba comes into view.
Urug hits you with a +2 broad axe of draining!!
You feel drained.
Unknown command.
Unknown command.
The black mamba hisses angrily.
Urug closely misses you.
You climb upwards.
Welcome back to the Dungeon!
There is a staircase to the Lair here.
Casting: Iskenderun's Mystic Blast (dangerous; 1% risk of failure)
Confirm with . or Enter, or press ? or * to list all spells.
You erupt in a blast of force!
The mystic blast hits Urug.
Urug is lightly wounded.
Urug is knocked back by the mystic blast.
Urug screams, "All you harpies will die!"
Urug throws a silver javelin.
The silver javelin pierces through you!!
* * * LOW HITPOINT WARNING * * *
x2 The silver javelin pierces through the plant!
The plant begins to die.
Unknown command.
You feel much better.
As you read the scroll of teleportation, it crumbles to dust.
You feel strangely unstable.
Urug hits you with a +2 broad axe of draining!!
Ouch! That really hurt!
You die...
Urug screams, "Revenge at last!"
Your body crumbles into a pile of gold.

#.......# ###..
##.......###....
###........#...#..
###.....####...###..
##.....P...##.###
### #PP.........#.#
#P............#
#P......P.....#
#P..@o..PPP[.##
#P......PPPP##
##.....PPPP##
###########


You could see Urug.

Vanquished Creatures
  Erica (D:8)
  2 two-headed ogres (D:10)
  Pikel (D:9)
  A cyclops (D:11)
  2 gargoyles (D:10)
  A cane toad (D:11)
  An unseen horror (D:11)
  2 komodo dragons (D:11)
  A troll (D:11)
  2 hornets
  A shadow (D:10)
  13 yaks
  5 vampire mosquitoes (D:11)
  A basilisk (D:11)
  A steam dragon (D:8)
  Menkaure (D:5)
  4 water moccasins
  A sky beast (D:8)
  3 ice beasts
  2 black bears
  3 orc warriors
  3 ogres
  11 centaurs
  2 lemures (D:9)
  5 kobold brigands
  4 bullfrogs
  3 necrophages (D:8)
  4 gnoll sergeants
  7 scorpions
  2 wights (D:8)
  5 killer bees (D:9)
  2 howler monkeys
  2 bombardier beetles
  A human zombie (D:8)
  3 orc priests
  A jelly (D:4)
  A sleepcap (D:7)
  3 hounds
  5 iguanas
  3 gnoll boudas
  8 orc wizards
  A killer bee zombie (D:8)
  4 mummies (D:8)
  A howler monkey zombie (D:8)
  33 gnolls
  13 adders
  A shadow imp (D:7)
  2 white imps (D:6)
  2 ufetubi (D:7)
  10 dart slugs
  3 ribbon worms
  20 orcs
  22 endoplasms
  10 giant cockroaches
  12 hobgoblins
  5 jackals
  32 kobolds
  5 quokkas
  14 ball pythons
  4 bats
  12 frilled lizards
  12 goblins
  9 rats
351 creatures vanquished.

Vanquished Creatures (others)
  37 fulminant prisms
37 creatures vanquished.

Grand Total: 388 creatures vanquished

Notes
Turn   | Place    | Note
-------+----------+-------------------------------------------
     0 | D:1      | bnorton916 the Deep Elf Conjurer began the quest for the
                  | Orb.
     0 | D:1      | Reached XP level 1. HP: 10/10 MP: 6/6
   211 | D:1      | Reached XP level 2. HP: 6/15 MP: 5/8
   223 | D:1      | Learned a level 2 spell: Searing Ray
   634 | D:1      | Reached skill level 5 in Conjurations
   634 | D:1      | Reached XP level 3. HP: 19/19 MP: 8/10
  1369 | D:2      | Reached XP level 4. HP: 24/24 MP: 5/12
  1374 | D:2      | Learned a level 4 spell: Iskenderun's Mystic Blast
  1379 | D:2      | Learned a level 4 spell: Fulminant Prism
  1569 | D:2      | Found Huer's Antique Armour Emporium.
  1589 | D:2      | Reached skill level 5 in Spellcasting
  2533 | D:3      | Found a blossoming altar of Fedhas.
  2545 | D:3      | Reached skill level 1 in Alchemy
  2550 | D:3      | Reached XP level 5. HP: 28/28 MP: 5/14
  2649 | D:3      | Reached skill level 1 in Translocations
  3407 | D:4      | Noticed an ogre
  3412 | D:4      | Killed an ogre
  3413 | D:4      | Reached XP level 6. HP: 32/32 MP: 12/16
  3647 | D:4      | Found a burning altar of Makhleb.
  3788 | D:4      | Found a one-way gate to the infinite horrors of the Abyss.
  3788 | D:4      | Noticed Cheops's ghost (novice FoFi)
  3821 | D:4      | Found a transporter.
  3829 | D:4      | Got the Parchment of the Union and Weather
  3929 | D:4      | Reached XP level 7. HP: 36/36 MP: 14/18
  3945 | D:4      | Found a transporter.
  4053 | D:4      | Found a staircase to the Ecumenical Temple.
  4066 | Temple   | Entered the Ecumenical Temple
  4075 | Temple   | Became a worshipper of Gozag Ym Sagoz the Greedy
  4315 | D:4      | Found an ancient bone altar of Kikubaaqudgha.
  4438 | D:5      | Entered Level 5 of the Dungeon
  4445 | D:5      | Found a glowing drain.
  4697 | Sewer    | Entered a sewer
  7444 | D:5      | Found a bloodstained altar of Trog.
  7491 | D:5      | Reached XP level 8. HP: 38/41 MP: 16/20
  8337 | D:5      | Found an ornate altar of the Wu Jian Council.
  8357 | D:5      | Noticed Menkaure
  8364 | D:5      | Killed Menkaure
  8365 | D:5      | Reached skill level 5 in Translocations
  8365 | D:5      | Reached skill level 5 in Alchemy
  8849 | D:6      | Reached skill level 1 in Air Magic
  8954 | D:6      | Reached XP level 9. HP: 45/45 MP: 2/24
  9861 | D:6      | Identified the +7 shortbow of Ittyim {drain, rElec Int+2
                  | Dex+6}
 10030 | D:6      | Reached skill level 1 in Ranged Weapons
 10528 | D:7      | Reached skill level 2 in Ranged Weapons
 10571 | D:7      | Reached skill level 10 in Spellcasting
 11055 | D:7      | Reached skill level 3 in Ranged Weapons
 11948 | D:7      | Reached skill level 4 in Ranged Weapons
 13158 | D:8      | Reached skill level 1 in Fire Magic
 13299 | D:8      | Reached skill level 10 in Conjurations
 13515 | D:8      | Reached XP level 10. HP: 50/50 MP: 19/27
 13565 | D:8      | Noticed Erica
 13571 | D:8      | Reached skill level 5 in Ranged Weapons
 15072 | D:8      | Killed Erica
 15146 | D:8      | Found a shimmering blue altar of Sif Muna.
 15450 | D:8      | Found a basalt altar of Yredelemnul.
 15496 | D:8      | Reached skill level 6 in Ranged Weapons
 15959 | D:9      | Noticed Pikel
 15970 | D:9      | Killed Pikel
 16005 | D:9      | Found a broken altar of Ashenzari.
 16221 | D:9      | Reached skill level 7 in Ranged Weapons
 16983 | D:9      | Found a stormy altar of Qazlal.
 17447 | D:9      | Reached skill level 5 in Fire Magic
 17705 | D:10     | Entered Level 10 of the Dungeon
 17824 | D:10     | Noticed a boulder beetle
 17833 | D:10     | Found a glowing golden altar of the Shining One.
 17880 | D:10     | Reached XP level 11. HP: 54/54 MP: 25/29
 18356 | D:10     | Reached skill level 8 in Ranged Weapons
 18686 | D:9      | Found a shimmering altar of Xom.
 19066 | D:10     | Found a sacrificial altar of Ru.
 19328 | D:10     | Found a glowing silver altar of Zin.
 19405 | D:10     | Reached skill level 9 in Ranged Weapons
 19423 | D:10     | Noticed a two-headed ogre
 19426 | D:10     | Noticed a two-headed ogre
 19625 | D:10     | Killed a two-headed ogre
 19631 | D:10     | Reached skill level 10 in Ranged Weapons
 19633 | D:10     | Killed a two-headed ogre
 19910 | D:10     | Found the +6 shillelagh "Devastator" {shatter}
 20216 | D:11     | Reached skill level 11 in Ranged Weapons
 20588 | D:11     | Found a staircase to the Lair.
 20604 | Lair:1   | Entered Level 1 of the Lair of Beasts
 20604 | Lair:1   | Noticed Urug
 20655 | D:11     | Reached skill level 12 in Ranged Weapons
 20983 | D:11     | Reached skill level 13 in Ranged Weapons
 22119 | D:11     | Identified the +1 chain mail "Cuarom" {Slay+3}
 22833 | D:11     | Slain by Urug

Illustrated notes

Levels and vault maps discovered:
D:1:      minmay_arrival_loop, layout_basic
D:2:      layout_loops_ring, serial_shops, nicolae_shop_behind_doors,
          minmay_box_of_dots
D:3:      layout_basic, fedhas_altar_1, minmay_misc_feat_square
D:4:      layout_loops_cross, kiku_gazebo_garden_becter,
          mainiacjoe_overflow_alcove_2, minmay_temple_entry_antechambers,
          gammafunk_ghost_abyssal_escape, serial_glass, glass_columns_b,
          glass_columns_b
D:5:      layout_loops_ring, nicolae_overflow_crystal_walls,
          amcnicky_altar_gilded, mainiacjoe_sewer_entry_somewhere_in_here_2,
          chequers_serial_rivers_room_a, uniq_menkaure
D:6:      layout_rooms, kennysheep_opposing_triangles
D:7:      kb_forest_paths, layout_basic
D:8:      layout_loops_ring, kennysheep_mini,
          lemuel_mausoleum_altar_yredelemnul, chequers_serial_rivers_micro_e,
          uniq_erica
D:9:      layout_roguey, nicolae_overflow_hidden_temple,
          mainiacjoe_overflow_six_doors_small, mainiacjoe_overflow_alcove_1,
          uniq_pikel
D:10:     layout_gridville, tso_metal_star, mainiacjoe_overflow_surrounded_room,
          zin_treasury, dilly_guarded_unrand_devastator
D:11:     layout_roguey, david_lair_shrubbed
Temple:   nicolae_temple_ecumenical_triangle
Lair:1:   layout_regular_city, grunt_megastairs_5, serial_bayou_shore_a,
          lemuel_fruit_fields, uniq_urug

Skill      XL: |  1  2  3  4  5  6  7  8  9 10 11 |
---------------+----------------------------------+-----
Spellcasting   | 4 5 6 7 9 11 12 | 12.5
Conjurations   | 5 6 7 8 10 11 | 11.2
Alchemy        | 1 2 3 4 5 |  5.1
Translocations | 2 4 5 |  5.0
Air Magic      | 2 3 |  3.0
Ranged Weapons | 4 7 13 | 13.4
Fire Magic     | 1 5 |  5.4
Dodging        | |  2.4
Stealth        | |  2.4

Action                     |  1- 3 |  4- 6 |  7- 9 | 10-12 || total
---------------------------+-------+-------+-------+-------++-------
  Melee: Short sword       |       |       |     1 |       ||     1
   Fire: Shortbow          |       |       |    56 |   106 ||   162
  Throw: Dart              |       |       |       |     3 ||     3
   Cast: Magic Dart        |    62 |   105 |   131 |    17 ||   315
         Searing Ray       |     2 |    17 |    56 |    15 ||    90
         Fulminant Prism   |       |     1 |    13 |    25 ||    39
         Iskenderun's Myst |       |       |    38 |    97 ||   135
    Use: Potion            |     1 |       |     5 |     1 ||     7
         Scroll            |       |       |    11 |     6 ||    17
 Armour: Robe              |     5 |    14 |    62 |    72 ||   153
  Dodge: Dodged            |     5 |     7 |    73 |    60 ||   145
